 Dungeon Crawl Stone Soup version 0.26.0-41-g79a4fc7684 (webtiles) character file.

Game seed: 5992703541540532105

1174 Descartes the Destroyer (level 8, 0/41 HPs)
             Began as a Deep Elf Conjurer on Jan 26, 2021.
             Slain by an orc warrior
             ... wielding a +0 flail
              (11 damage)
             ... on level 5 of the Dungeon.
             The game lasted 00:16:46 (6658 turns).

Descartes the Destroyer (Deep Elf Conjurer)         Turns: 6658, Time: 00:16:46

Health: 0/41       AC: 13    Str:  4    XL:     8   Next: 18%
Magic:  2/4        EV:  6    Int: 26    God:
Gold:   185        SH:  5    Dex: 13    Spells: 10/13 levels left

rFire    + . .     SeeInvis .   C - +11 hand axe of Hacking and Slashing {antimagic, +Fly rPois rC+ rN+}
rCold    + + +     Faith    .   A - +0 buckler
rNeg     + . .     Spirit   .   y - +4 scale mail "Sytodif" {rPois rC+}
rPois    +         Reflect  .   u - +0 helmet
rElec    .         Harm     .   b - scarf {rC+ rF+}
rCorr    .         Rampage  .   k - +0 pair of gloves
Will     +....                  s - +0 pair of boots
Stlth    +.........             (no amulet)
HPRegen  0.13/turn              n - ring of flight
MPRegen  0.09/turn              B - ring of willpower

@: no status effects
A: no striking features
a: Evoke Flight


You were on level 5 of the Dungeon.
You visited 1 branch of the dungeon, and saw 6 of its levels.

You collected 185 gold pieces.

Inventory:

Hand Weapons
 q - a +0 quarterstaff
 v - a +0 hunting sling
 z - a +1 hand axe of electrocution
 C - the +11 hand axe of Hacking and Slashing (weapon) {antimagic, +Fly rPois rC+ rN+}
   (You found it on level 5 of the Dungeon)

   It reduces the magical energy of the wielder, and disrupts the spells and
   magical abilities of those hit.
   Natural abilities and divine invocations are not affected.
   It protects you from cold.
   It protects you from poison.
   It protects you from negative energy.
   It lets you fly.
Missiles
 c - 161 stones
 f - 39 arrows
 j - 70 sling bullets
 o - 2 javelins
 x - 34 bolts
Armour
 a - a +0 robe
 b - a scarf of resistance (worn)
 k - a +0 pair of gloves (worn)
 s - a +0 pair of boots (worn)
 u - a +0 helmet (worn)
 y - the +4 scale mail "Sytodif" (worn) {rPois rC+}
   (You found it on level 4 of the Dungeon)

   It protects you from cold.
   It protects you from poison.
 A - a +0 buckler (worn)
Jewellery
 n - a ring of flight (left hand)
 B - a ring of willpower (right hand)
Scrolls
 d - 6 scrolls of identify {unknown}
 e - a scroll of fog {unknown}
 g - a scroll of enchant armour {unknown}
 h - 5 scrolls of remove curse {unknown}
 l - 2 scrolls of teleportation {unknown}
 m - a scroll of noise {unknown}
 p - 2 scrolls of enchant weapon {unknown}
 r - a scroll of blinking {unknown}
 t - 2 scrolls of amnesia {unknown}
Potions
 i - a potion of haste
 w - 2 potions of heal wounds {unknown}


   Skills:
 + Level 1.0 Armour
 + Level 2.6 Dodging
 - Level 2.4 Stealth
 - Level 4.0 Shields
 - Level 3.0 Spellcasting
 - Level 10.0 Conjurations


You had 10 spell levels left.
You knew the following spells:

 Your Spells              Type           Power        Failure   Level
a - Magic Dart            Conj           100%         6%          1
b - Searing Ray           Conj           100%         9%          2

Your spell library contained the following spells:

 Spells                   Type           Power        Failure   Level
 Dazzling Flash           Conj/Hex       58%          80%         3
 Fulminant Prism          Conj/Hex       14%          99%         4
 Iskenderun's Mystic Bla  Conj/Tloc      29%          99%         4


Dungeon Overview and Level Annotations

Branches:
Dungeon (6/15)
 Temple: D:4-7

Altars:
Elyvilon
Nemelex Xobeh
Vehumet
The Shining One


Message History

The hound bites you but does no damage. x2
You slash the hound!
You kill the hound!
Your Armour skill increases to level 1!
You closely miss the orc warrior.
The orc warrior hits you with a +0 flail!
You are too injured to fight recklessly!
You are too injured to fight recklessly!
You are too injured to fight recklessly!
The orc warrior hits you with a +0 flail.
* * * LOW HITPOINT WARNING * * *
You climb upwards.
There is a stone staircase leading down here.
You hit the orc warrior.
The orc warrior is lightly wounded.
You block the orc warrior's attack.
You hit the orc warrior.
The orc warrior is moderately wounded.
The orc warrior hits you with a +0 flail!
You die...

#.....##.....#####...#
#####.....##....###.#+#..#
..........##...###._.###.#
####.#######....###.#'#..#
.###.### #.....#####..##
...#...## #......###..##
.#.###..####.......#..##
.#..###.##...........##
..#.###.##.#....@o.<.#
.....................#
.#......###.##########
......#.....#
.####..#....# .# ##...##.#
.# ###....# .# ##...# .#
#...#


You could see an orc warrior.

Vanquished Creatures
  A water moccasin (D:5)
  An ogre (D:4)
  A big kobold (D:4)
  A wyvern skeleton (D:6)
  A scorpion (D:5)
  A quasit (D:4)
  3 orc wizards (D:4)
  A bullfrog skeleton (D:5)
  6 orc priests
  4 hounds
  3 iguanas
  Jessica (D:2)
  2 worker ants (D:4)
  A hound zombie (D:6)
  Robin (D:3)
  3 gnolls (D:5)
  7 adders
  An adder skeleton (D:5)
  A worm (D:2)
  3 dart slugs
  2 leopard geckos
  11 orcs
  6 giant cockroaches
  15 goblins
  4 hobgoblins
  3 jackals (D:3)
  7 kobolds
  4 quokkas
  10 bats
  9 frilled lizards
  6 rats
120 creatures vanquished.

Notes
Turn   | Place    | Note
-------+----------+-------------------------------------------
     0 | D:1      | Descartes the Deep Elf Conjurer began the quest for the
                  | Orb.
     0 | D:1      | Reached XP level 1. HP: 10/10 MP: 6/6
   199 | D:1      | Reached XP level 2. HP: 15/15 MP: 4/8
   268 | D:1      | Reached skill level 5 in Conjurations
   561 | D:1      | Reached XP level 3. HP: 19/19 MP: 7/9
  1098 | D:2      | Found a radiant altar of Vehumet.
  1298 | D:2      | Reached skill level 6 in Conjurations
  1392 | D:2      | Reached XP level 4. HP: 20/24 MP: 5/10
  1497 | D:2      | Noticed Jessica
  1499 | D:2      | Killed Jessica
  1866 | D:2      | Learned a level 2 spell: Searing Ray
  2610 | D:3      | Reached skill level 7 in Conjurations
  2610 | D:3      | Reached XP level 5. HP: 28/28 MP: 9/11
  2611 | D:3      | Noticed Robin
  2628 | D:3      | Killed Robin
  3130 | D:4      | Reached skill level 8 in Conjurations
  3130 | D:4      | Reached XP level 6. HP: 29/32 MP: 1/12
  3771 | D:4      | Reached skill level 9 in Conjurations
  3870 | D:4      | Got a slimy scale mail
  3881 | D:4      | Identified the +4 scale mail "Sytodif" {rPois rC+} (You
                  | found it on level 4 of the Dungeon)
  3942 | D:4      | Reached XP level 7. HP: 32/36 MP: 5/13
  4456 | D:4      | Found a glowing golden altar of the Shining One.
  4664 | D:5      | Entered Level 5 of the Dungeon
  4669 | D:5      | Found a white marble altar of Elyvilon.
  4911 | D:5      | Found a sparkling altar of Nemelex Xobeh.
  5016 | D:4      | Reached skill level 1 in Shields
  5388 | D:4      | Reached skill level 10 in Conjurations
  5934 | D:5      | Reached XP level 8. HP: 41/41 MP: 9/14
  6090 | D:5      | Got a transparent hand axe
  6091 | D:5      | Identified the +11 hand axe of Hacking and Slashing
                  | {antimagic, +Fly rPois rC+ rN+} (You found it on level 5 of
                  | the Dungeon)
  6654 | D:6      | Reached skill level 1 in Armour
  6658 | D:5      | Slain by an orc warrior

Illustrated notes

Levels and vault maps discovered:
D:1:      matt_arrival_refuge, layout_rooms
D:2:      layout_basic, vehumet_crystals, uniq_jessica
D:3:      minmay_angry_zag, layout_rooms, serial_aquarium,
          aquarium_bridge_straight [aquarium_subvault_bridge,
          aquarium_subvault_wall, aquarium_subvault_bridge,
          aquarium_subvault_wall], aquarium_window_corridor_2,
          aquarium_window_double, aquarium_view_2d, aquarium_balcony_double_4,
          uniq_robin
D:4:      layout_basic, lemuel_crystal_altar
D:5:      layout_rooms, kennysheep_little_box, nemelex_diamond_rough_becter
D:6:      layout_loops_ring, serial_glass, glass_columns_a, glass_columns_c,
          minmay_strange_pillars

Skill      XL: |  1  2  3  4  5  6  7  8 |
---------------+-------------------------+-----
Conjurations   | 5 6 7 8 9 10 | 10.0
Shields        | 3 4 |  4.0
Armour         | 1 |  1.0
Dodging        | |  2.6
Stealth        | |  2.4
Spellcasting   | |  3.0

Action                   |  1- 3 |  4- 6 |  7- 9 || total
-------------------------+-------+-------+-------++-------
Melee: Quarterstaff      |       |    18 |    29 ||    47
       Hand axe          |       |       |    22 ||    22
 Cast: Magic Dart        |    66 |   132 |   138 ||   336
  Use: Potion            |       |     3 |     1 ||     4
Armor: Robe              |     2 |     8 |       ||    10
       Scale mail        |       |     3 |   118 ||   121
Dodge: Dodged            |     7 |    25 |    55 ||    87
Block: Buckler           |       |       |     3 ||     3
